 Dungeon Crawl Stone Soup version 0.28.0-53-g5a82cb258f (webtiles) character file.

Game seed: 14180350388643075154

35 jjjjhere the Skirmisher (level 3, -2/31 HPs)
             Began as a Minotaur Enchanter on Oct 29, 2022.
             Slain by Jessica
             ... wielding a +2 dagger of holy wrath
              (4 damage)
             ... on level 2 of the Dungeon.
             The game lasted 00:01:40 (1341 turns).

jjjjhere the Skirmisher (Minotaur Enchanter)        Turns: 1341, Time: 00:01:41

Health: -2/31      AC:  6    Str: 14    XL:     3   Next: 16%
Magic:  4/4        EV:  9    Int: 12    God:
Gold:   48         SH:  0    Dex: 10    Spells: 2/4 levels left

rFire   + . .      SeeInvis .   a - +1 dagger
rCold   . . .      Faith    .   (no shield)
rNeg    . . .      Spirit   .   g - +0 scale mail
rPois   .          Reflect  .   (helmet restricted)
rElec   .          Harm     .   (no cloak)
rCorr   .          Rampage  .   (no gloves)
Will    .....                   (no boots)
Stlth   ..........              (no amulet)
HPRegen 0.10/turn               h - ring of protection from fire
MPRegen 0.09/turn               (no ring)

@: invisible
A: horns 2, retaliatory headbutt
a: no special abilities


You were on level 2 of the Dungeon.
You visited 1 branch of the dungeon, and saw 2 of its levels.

You collected 48 gold pieces.

Inventory:

Hand Weapons
 a - a +1 dagger (weapon)
Armour
 b - a +0 robe
 g - a +0 scale mail (worn)
Jewellery
 h - a ring of protection from fire (left hand)
Scrolls
 e - a scroll of amnesia {unknown}
 f - a scroll of identify {unknown}
 j - a scroll of silence {unknown}
Potions
 d - a potion of flight {unknown}


   Skills:
 + Level 3.5 Fighting
 - Level 1.1 Short Blades
 - Level 2.1 Dodging
 - Level 2.4 Stealth
 - Level 1.3 Spellcasting
 - Level 2.0 Hexes


You had 2 spell levels left.
You knew the following spells:

 Your Spells              Type           Power      Damage    Failure   Level
a - Ensorcelled Hibernat  Hex/Ice        6%         N/A       78%         2

Your spell library contained the following spells:

 Spells                   Type           Power      Damage    Failure   Level
 Confusing Touch          Hex            5%         N/A       86%         3
 Tukima's Dance           Hex            5%         N/A       86%         3
 Dazzling Flash           Conj/Hex       6%         N/A       95%         3


Dungeon Overview and Level Annotations

Branches:
Dungeon (2/15)

Altars:

Annotations:
D:2 Jessica


Innate Abilities, Weirdness & Mutations

You have a pair of horns on your head.
You reflexively headbutt those who attack you in melee.


Message History

Jessica seems to speed up.
A ball python comes into view.
Throw: 3 javelins
Press: ? - help, Q - select action Shift-Dir - straight line, f/p - Jessica
Aim: Jessica, wielding a +2 dagger of holy wrath and wearing a +0 robe (fast, 56% to hit)
You throw a javelin. The javelin barely misses Jessica.
The ball python hisses angrily.
Jessica shouts, "You're disturbing me!
I'll have to kill you!"
Throw: 2 javelins
Press: ? - help, Q - select action Shift-Dir - straight line, f/p - Jessica
Aim: Jessica, wielding a +2 dagger of holy wrath and wearing a +0 robe (fast, 56% to hit)
You throw a javelin. The javelin pierces through Jessica.
Jessica is heavily wounded.
The javelin pierces through the ball python!
You kill the ball python!
Jessica hits you with a +2 dagger of holy wrath.
Jessica gestures at you while chanting. Pain shoots through your body!
You barely miss Jessica. You headbutt Jessica.
Jessica is severely wounded.
Jessica gestures at you while chanting. Pain shoots through your body!
Throw: javelin
Press: ? - help, Q - select action Shift-Dir - straight line, f/p - Jessica
Aim: Jessica, wielding a +2 dagger of holy wrath and wearing a +0 robe (severely wounded, fast, 56% to hit)
You throw a javelin. The javelin closely misses Jessica.
Jessica barely misses you.
Jessica hits you with a +2 dagger of holy wrath.
* * * LOW HITPOINT WARNING * * *
Jessica casts a spell.
Jessica blinks!
You hit Jessica but do no damage.
Jessica is severely wounded.
Jessica gestures at you while chanting. Pain shoots through your body!
* * * LOW HITPOINT WARNING * * *
Jessica barely misses you.
You fade into invisibility!
Jessica hits you with a +2 dagger of holy wrath.
You die... ###################. .......<.@@.......†( ###################.

You could see Jessica (fast).

Vanquished Creatures
  3 dart slugs (D:1)
  A bat (D:1)
  2 endoplasms (D:1)
  2 giant cockroaches (D:1)
  4 hobgoblins (D:1)
  4 jackals (D:1)
  2 kobolds (D:1)
  A quokka (D:1)
  2 ball pythons
  A frilled lizard (D:1)
  3 rats (D:1)
25 creatures vanquished.

Notes
Turn   | Place    | Note
-------+----------+-------------------------------------------
     0 | D:1      | jjjjhere the Minotaur Enchanter began the quest for the
                  | Orb.
     0 | D:1      | Reached XP level 1. HP: 14/14 MP: 1/1
    42 | D:1      | Reached skill level 1 in Fighting
   156 | D:1      | Reached skill level 2 in Fighting
   286 | D:1      | Reached XP level 2. HP: 18/24 MP: 3/3
   362 | D:1      | Learned a level 2 spell: Ensorcelled Hibernation
   389 | D:1      | HP: 7/24 [jackal (1)]
   398 | D:1      | HP: 5/24 [jackal (2)]
   404 | D:1      | HP: 4/24 [jackal (1)]
   926 | D:1      | Reached skill level 3 in Fighting
  1034 | D:1      | Reached XP level 3. HP: 16/31 MP: 4/4
  1331 | D:2      | Noticed Jessica
  1337 | D:2      | HP: 7/31 [Jessica/+2 dagger of holy wrath (5)]
  1340 | D:2      | HP: 2/31 [Jessica/nerve-wracking pain (5)]
  1341 | D:2      | Slain by Jessica

Illustrated notes

Levels and vault maps discovered:
D:1:      psy_arrival_radial01, layout_rooms, minmay_distorted
D:2:      layout_rooms, minmay_misc_feat_cross, uniq_jessica

Skill      XL: |  1  2 |
---------------+-------+-----
Fighting       | 2 3 |  3.5
Short Blades   | |  1.1
Dodging        | |  2.1
Stealth        | |  2.4
Spellcasting   | |  1.3
Hexes          | |  2.0

Action                   || total
-------------------------++-------
Melee: Dagger            ||    87
       Headbutt          ||    12
       Punch             ||     1
Throw: Javelin           ||     6
 Cast: Ensorcelled Hiber ||     1
  Use: Potion            ||     1
 Stab: Sleeping          ||     1
Armor: Robe              ||     6
       Scale mail        ||    26
Dodge: Dodged            ||    58
